[Event "44th Chess Olympiad Women 2022"]
[Site "Chennai"]
[Date "2022.08.01"]
[Round "4.5"]
[White "Sebag, Marie"]
[Black "Injac, Teodora"]
[Result "0-1"]
[WhiteElo "2447"]
[BlackElo "2372"]
[Annotator "TA"]
[PlyCount "112"]
[EventDate "2022.??.??"]
[TimeControl "60"]

1. e4 e5 2. Nf3 Nc6 3. Bb5 a6 4. Ba4 Nf6 5. O-O Be7 6. Re1 b5 7. Bb3 O-O 8. a4 Bb7 9. d3 d6 10. c3 Na5 11. Bc2 (11. Ba2 c5 12. Nbd2 Qc7 13. Nf1 c4
14. Bg5 Rfd8 15. axb5 axb5 16. Bxf6 Bxf6 17. Ne3 Ra6 18. dxc4 bxc4 19. Nd2 Bg5
20. Bxc4 Nxc4 21. Nexc4 {½-½ (44) Sebag,M (2447)-Injac,T (2387) Terme Catez
2021}) 11... c5 12. Nbd2 Re8 {[%emt 0:01:10]
C88: Closed Ruy Lopez: Anti-Marshall Systems.} 13. Nf1 b4 {
[%emt 0:01:35] [#]} 14. Bg5 $146 ({
Predecessor:} 14. Ne3 Bf8 15. Nf5 d5 16. exd5 Qxd5 17. Bg5 b3 18. Bb1 e4 19.
Ne3 Qd6 20. Nd2 exd3 21. Nxb3 Nxb3 22. Qxb3 Ng4 {0-1 (22) Smirin,I (2599)
-Kosteniuk,A (2513) Chess.com INT 2022}) 14... h6 {[%emt 0:00:00] The position
is equal.} 15. Bh4 Qc7 16. h3 d5 17. Bg3 (17. Ne3 $5 )
17... dxe4 18. dxe4 Bf8 19.
N3d2 g6 20. Ne3 Nh5 21. Nd5 Bxd5 22. exd5 Nxg3 23. fxg3 Bg7 (23... c4 $5 ) 24. g4 $1 Rad8 25. Qf3 Nb7 26. Ne4 Nd6 (26... Rf8 {is interesting.} 27. Rf1 c4 28. cxb4 Qb6+) 27.
Nxd6 Qxd6 28. c4 $2 (28. Be4
$11) 28... e4 $1 $19 29. Rxe4 Rxe4 30. Bxe4 Bxb2 ({Worse is} 30... Bd4+
31. Kh1 $17) 31. Rf1 {[%emt 0:00:05] [#]} Rd7 {[%emt 0:01:13] Active counter
play!} (31... Bd4+ $1 $19 32. Kh1 Rd7) 32. h4 Bd4+ 33. Kh1 Qe7 (33... Kg7 {feels hotter.
} 34. g3 Re7 35. Kg2 Qe5) 34. g3 Rd6 {[%emt 0:00:00] White
must now prevent ...Rf6.} (34... b3 {is more complex.} 35. h5 Kg7 36. Kg2 b2)
35. Qd3 Rf6 (35... b3 {looks sharper.} 36. h5
Kg7 37. hxg6 fxg6 38. Kg2 Qe8) 36. Rxf6 Qxf6 $17 {[%emt 0:00:
05] Endgame KQB-KQB} 37. Bf3 Qe5 38. Kg2 Kg7 39. Qe4 b3 40. Qxe5+ Bxe5 {[%emt 0:00:05] KB-KB} 41. Bd1 b2 42. Bc2 Kf6 43.
Kf3 Bc7 44. h5 ({Better is} 
44. Bb1) 44... Kg5 45. hxg6 fxg6 46. Bb1 Kf6 47. Bc2 Ke5 ({Black should try} 47... Bb8 48. Bb1 Bc7) 48. Ke3 h5 49. g5 Bd8 50.
Bxg6 $2 (50. Kd2 $15) 50... Bxg5+ $19 {[%emt 0:00:00] Black
is clearly winning.} 51. Ke2 Kd4 52. Kd1 {
[%emt 0:00:00] [#]} Kc3 $1 53. d6 {[%emt 0:00:00] Against Be7}
Kb3 54. Bb1 a5 55. d7 Bf6 56. Kd2 Kxa4 {[%emt 0:00:
30] Weighted Error Value: White=0.61/Black=0.11 (very precise)} 0-1

[Event "44th Chess Olympiad Women 2022"]
[Site "Chennai"]
[Date "2022.08.01"]
[Round "4.6"]
[White "Balajayeva, Khanim"]
[Black "Belenkaya, Dina"]
[Result "1-0"]
[WhiteElo "2344"]
[BlackElo "2256"]
[Annotator "TA"]
[PlyCount "135"]
[EventDate "2022.??.??"]
[TimeControl "60"]

1. e4 c6 2. d4 d5 3. exd5 cxd5 4. Bd3 Nc6 5. c3 Qc7 6. h3 g6 7. Ne2 {[%emt 0:01:23] B13: Caro-Kann: Exchange Variation and Panov-Botvinnik
Attack.} Bf5 8. Bxf5 gxf5 9.
Bf4 {[%emt 0:00:06] White has an edge.} Qd7 10. Nd2 Nf6 11. Nc1 Rg8 12.
Qf3 {[%emt 0:11:08] [#]} Ne4 $146 ({Predecessor:} 12... Qe6+
13. Ne2 Ne4 14. O-O Qg6 15. Nxe4 dxe4 16. Qg3 f6 17. Rfd1 e5 18. dxe5 fxe5 19.
Qxg6+ hxg6 {0-1 (41) Del Rio Perezagua,M (2014)-Gines Esteo,P (2439) Linares
2021}) 13. Nd3 Rg6 14. O-O-O b5 15. Nb3 a5 16. Nbc5 Qc8 17. Qe3 b4
$1 18. f3 $1 {[%emt 0:01:19] [#]} Nd6 (18...
Nxc5 19. Nxc5 bxc3 20. bxc3 $11) (18... bxc3 $1 $11 19. fxe4 fxe4) 19. Bxd6 $14 Rxd6 20. Rhe1 {[%emt 0:01:45] White is more
active.} (20. Kb1 $16) 20... Rb8 21. Re2 a4 22. Kd2 (22. f4 $11) 22... Na5 (22... a3 $1 $15 23. bxa3 bxc3+ 24. Ke1 Rg6) 23. Ke1 $36 {
[%emt 0:00:11] White has some pressure.} bxc3 $1 24. bxc3 Nc4 25. Qf4 (25. Qf2 $5 ) 25... a3 26. Kf1 Rdb6 {
[%emt 0:09:39] [#]} 27. Nb4 $1 Rd6 (27... e6
$16) 28. Rde1 $18 Rbb6 29. Qg5 Qd8 (29... e5 {keeps fighting.} 30. Qg8 (30.
dxe5 Rg6 $17) (30. Rxe5+ Nxe5 31. Rxe5+ Re6 $16) 30... e4) 30. Qxf5 h6 31. Qh5 Qa8 32.
Ne6 {[%emt 0:01:45] Pair of Knights!} Rd7 {[%emt 0:00:00] Inhibits Nc7+.} 33.
Nc5 $2 (33. Kg1 $18) 33... Rd8 $2 (33... Rdd6
$11 34. Kf2 Rd8) 34. Kg1 Rg6 35. h4 Rdd6 36. Qf5 Nb6 37. h5 Rg5 38. Qh7 {[%emt 0:
00:29][%cal Ye2e7] Threatening mate with Rxe7+!} Nd7 39. Nxd7 Rxd7 40. Nd3 Rg7 41. Qf5 {[%emt 0:01:55] Nc5 is the strong threat.} e6 42. Qf4 Rb7 43. Nf2 (43.
Qxh6 $18 {Strongly threatening Qh8.} Qd8 44. Qc1) 43... Qb8 $14 44. Qc1 (44. Qxb8+ $14 Rxb8 45. g4) 44... Rg5 (44... Qg3 $11 45. Ng4 Rxg4 46. fxg4 Bd6) 45. Ng4 ({
Better is} 45. f4 $1 $14 Rxh5 46. g3) 45... Be7 46. Qc2 {
[%emt 0:05:55] aiming for Qh7.} Rxh5 47. Qh7 Qf4 48. Qh8+ Kd7 49. Re5 Rh4 50. Qa8 Kc7 {[%emt 0:00:
19] [#]} 51. Rxd5 $1 Bd6 $1 52. Qa5+ (52. Rxd6 $5 Qxd6 53. Qe8 $16) 52... Kc8 53.
Rb5 {[%emt 0:03:06] Dancing on a razor blade.} ({But not} 53. Qa8+ $6 Kc7 $16)
53... Rxb5 54. Qxb5 Rxg4 $4 (54... Kd8 $1 $11 {and Black has nothing to worry.}) 55. Qc6+ $18 (55. fxg4 Qh2+ 56. Kf1 Qh1+ 57. Ke2 (57. Kf2 Bg3+ 58. Kxg3 Qxe1+ 59. Kh2
Qh4+ 60. Kg1 Qe1+ 61. Kh2 Qh4+ 62. Kg1 Qe1+ 63. Kh2 $11) 57... Qxg2+ 58. Kd1
Qxg4+ 59. Kc2 Kd8 $16) 55... Kd8 {[%emt 0:00:21] ( -> ...Qh2+)} 56. fxg4 {
[%emt 0:00:05] Endgame KQR-KQB} ({Less strong is} 56. Qa8+ Ke7 57. fxg4 Qg3 $18
) 56... Qh2+ 57. Kf1 Bg3 {[%emt 0:00:23]
Threatens to win with ... Qh1+.} 58. Rd1 Bh4 59. Qf3 {[%emt 0:00:39] White is clearly winning.} Qc7 60. Kg1 Bg5 61. Rb1 {[%emt 0:00:39] Hoping for Qa8+.}
Ke8 62. Qa8+ Bd8 63. Rb8 Qd6 64. Qa4+ Ke7 65. Qb4 Bc7 66. Qxd6+ Bxd6 67. Rb5 Bf4 68. Kf2 {
[%emt 0:00:14] Weighted Error Value: White=0.28 (precise) /Black=0.55} 1-0

[Event "44th Chess Olympiad Women 2022"]
[Site "Chennai"]
[Date "2022.08.01"]
[Round "4.6"]
[White "Efroimski, Marsel"]
[Black "Mammadzada, Gunay"]
[Result "1/2-1/2"]
[WhiteElo "2456"]
[BlackElo "2455"]
[Annotator "TA"]
[PlyCount "88"]
[EventDate "2022.??.??"]
[TimeControl "60"]

1. e4 c5 2. Nf3 d6 3. Bb5+ Bd7 4. Bxd7+ Nxd7 5. O-O Ngf6 6. Qe2 e6 7. d4 {[%emt 0:01:14] 7.c3 is a critical line.}
cxd4 8. Nxd4 Rc8 {[%emt 0:01:47] B52:
Sicilian: Moscow Variation with 3...Bd7.} 9. c4 Qa5 10. b3 Qe5 {[%emt 0:07:35][%csl Yd4,Ye4] [#]} 11. Bb2
$146 ({Predecessor:} 11. Be3 Qxe4 12. Nc3 Qg4 13. Qd2 Be7 14.
Ndb5 O-O 15. Nxa7 Ra8 16. Nab5 Rfd8 17. Rad1 {1-0 (36) Haria,R (2440)
-Roberson,P (2437) Newcastle on Tyne 2021}) 11... Qxe4 (11...
Nxe4 $2 12. f4 Ng3 13. Qf3 (13. fxe5 Nxe2+ 14. Nxe2 dxe5 $18) 13... Ne2+ 14.
Qxe2 $18) 12. Qd2 a6 {[%emt 0:09:16] Prevents Nb5.} 13. Nc3 Qg4 14. h3 Qh5 15. Nce2 Be7 16.
Rfe1 O-O 17. Ng3 $1 Qg6 {
[%emt 0:09:36] [#]} 18. Ndf5 $1 $36 {[%emt 0:02:07] White has good play.} exf5 19. Rxe7 Nc5 20.
Rd1 {[%emt 0:17:07] Black should prevent Qf4.} Nfe4 21. Qf4 Nxg3 22. Rxd6 (22. Qxg3 Qxg3
23. fxg3 Rfd8 $11) 22... Rcd8 23. Rxd8 $16 {[%emt 0:03:16]
Really sharp! White is more active.} ({Much weaker is} 23. Rxg6 $6 Rd1+ 24. Kh2
Nf1+ 25. Kh1 Ng3+ 26. Kh2 Nf1+ 27. Kh1 Ng3+ 28. Kh2 $11) 23... Rxd8 {[%emt 0:
00:11] [#]} 24. Qd4 {[%emt 0:00:55][%cal Rd4d8] Inhibits Rd1+.} Rf8 {[%emt 0:
02:03] ...Nge4 is the strong threat.} 25. Qxc5 f4 {[%emt 0:07:
46] ( -> ...Qb1+)} 26. Re1 {[%emt 0:12:52][%cal Yc5f8] Against Qb1. Qxf8+!
would kill now.} Ne4 27. Qe5 Ng5 {[%emt 0:01:
33] And now ...Nf3+ would win.} 28. Kh2 {[%emt 0:01:54] aiming for Ba3.} Ne6 29. Bc1 Qc2 30.
Qe2 (30. Ba3 {looks sharper.} Re8 31. Re2 Qd3 32. Bb4) 30...
Qxe2 31. Rxe2 $11 {[%emt 0:00:06] Endgame KRB-KRN} Rd8 32. h4 h5 33. Re4 f3 34. gxf3 Rd1 35.
Be3 Ra1 36. b4 (36. f4 $1
$14 g6 37. c5) 36... Rxa2 37. b5 Rb2 38. bxa6 {[%emt 0:02:03] The position is equal.} bxa6 39. c5 Rc2 40. Ra4 Nxc5 41. Bxc5 Rxc5 42. Rxa6 f6 43. Kg3 Kh7 44. Rb6 Kg6 {[%emt 0:00:00] Weighted Error Value:
White=0.06 (flawless) /Black=0.06 (flawless)} 1/2-1/2

[Event "44th Chess Olympiad Women 2022"]
[Site "Chennai"]
[Date "2022.08.01"]
[Round "4.6"]
[White "Fataliyeva, Ulviyya"]
[Black "Lahav, Michal"]
[Result "1-0"]
[WhiteElo "2372"]
[BlackElo "2191"]
[Annotator "TA"]
[PlyCount "141"]
[EventDate "2022.??.??"]
[TimeControl "60"]

1. d4 Nf6 2.
c4 c5 3. d5 e6 4. g3 exd5 5. cxd5 d6 6. Bg2 g6 7. Nc3 Bg7 8. Nf3 O-O 9. O-O Re8 10. Bf4 Ne4 11. Nxe4 Rxe4 12. Nd2 {[%emt 0:00:41] A62: Modern Benoni: Fianchetto Variation without early
...Nbd7.} Rxf4 13. gxf4 Bxb2 14. Rb1 {[%emt 0:01:34] The position is equal.} Bg7 15. Nc4 b6 {[%emt 0:03:12] is more profitable than 15. ..Na6 at the
moment.} 16. Qa4 Ba6 {[%emt 0:09:14] [#]} 17. Rfd1
$146 ({Predecessor:} 17. Ne5 Bb7 18. Nc6 Qc7 19. Rb3 Nd7 20.
f5 Bf6 21. fxg6 hxg6 22. h4 Kg7 23. h5 a6 24. hxg6 fxg6 25. Rg3 Rh8 26. Qc2 Nf8
27. Be4 {½-½ (27) Erdos,V (2610)-Dragun,K (2586) Biel 2015}) 17... Bxc4 18. Qxc4 Nd7 19. Qa6 Nf6 20. a4 Ne8 21. Rb3 f5 22. Qc4 {[%emt 0:
10:38] White is more active.} (22. Qb7 $14) 22... Nc7 $11 23.
e3 Rb8 24. Rdb1 Kh8 25. Bf3 Bf6 26. Qf1 Qe8 27. Qc4 Kg7 28.
e4 fxe4 29. Bxe4 Bd4 30. Re1 Qf7 31. Rd3 Re8 (31... Qxf4 $2 32. Rxd4 Rf8 33. Rdd1
$18) 32. Kf1 (32. Rxd4 cxd4 33. Qxd4+ Qf6 34. Qxf6+ Kxf6 $15)
32... Re7 ({Don't play} 32... Qxf4 33. Rxd4 cxd4 34. Qxc7+ Kg8
35. Bg2 (35. Qxa7 Rxe4 36. Rxe4 Qxe4 $11) 35... Rxe1+ 36. Kxe1 $16) 33. Rf3 Ne8 (33... Qe8 $5 34. Qd3 Nxd5
$1 $15) 34. f5 {[%emt 0:03:09] fxg6 is the strong threat.} Nf6 (34... g5 $5 35. Rg3 h6 $11) 35. fxg6 hxg6 36. Bc2 {[%emt 0:04:39] Strongly threatening Re6.} Rxe1+ 37. Kxe1 Qxd5 38. Qd3 Qh5 39. Rh3 Qg5 (39... c4 $1 $11 40. Qg3 Qe5+ 41. Kd1 g5) 40. Rg3 $1 $16 {[%emt 0:06:17]
White has strong compensation.} Ng4 41. f4 Qh5 {[%emt 0:09:29] aiming for ...Bf2+.} 42. Rg2 {[%emt 0:00:56] Against Bf2+}
(42. Rh3 $16 Bf2+ 43. Kd2 Be3+ 44. Rxe3 Nxe3 45. Qxe3 (45. Kxe3 Qh3+ 46. Kd2
Qxh2+ 47. Kc3 Qxf4 $14) 45... Qxh2+ 46. Kc3) 42... a6 $2 {[%emt 0:22:01] [#]} (
42... Bf2+ $11 43. Kf1 (43. Rxf2 Nxf2 44. Kxf2 Qxh2+ 45. Ke1 Qg2 $11) 43... Bd4
) 43. h3 $2 (43. Qxa6 $2 Bc3+ 44. Kf1 Ne3+ 45. Kg1 Nxc2 $19) (
{Only move:} 43. Bd1 $1 $18) 43... Nf6 (43... Ne3 $14 44.
Qxg6+ Qxg6 45. Rxg6+ Kf7) 44. Rxg6+ (44. Qxg6+ $16 Qxg6 45.
Bxg6 (45. Rxg6+ Kf7 $16)) 44... Kf7 {[%emt 0:01:00] [#]} (44... Kf8 $14) 45.
Qg3 (45. Rg3 $1 $16) 45... Qd5 $1 $11 46.
Rg7+ Kf8 $1 {[%emt 0:00:00] White must now prevent ...Nh5.}
47. Ra7 {[%emt 0:03:03] Intending Qg7+ and mate.} Nh5 {[%emt 0:00:22] Inhibits
Qg7+.} (47... Qh1+ $1 $11 {remains equal.} 48. Kd2 (48. Ke2 Ne4 $11) 48... Ne4+
49. Bxe4 Qxe4) 48. Qg4 Bc3+ $1 ({
Not} 48... Qh1+ 49. Kd2 Qh2+ 50. Kc1 (50. Kd1 Qh1+ 51. Kd2 Qh2+ 52. Kc1 Qxf4+
53. Qxf4+ Nxf4 $16) 50... Qxf4+ 51. Qxf4+ Nxf4 52. Rxa6 $16) 49. Kf1 Qh1+ 50. Kf2 Qe1+ 51. Kg2 Qd2+ 52. Kf3 ({White should play} 52. Kh1 $14 Qe1+ 53. Qg1 (53. Kg2 Qd2+ 54.
Kh1 Qd5+ 55. Kg1 Qd4+ 56. Kh1 Qd5+ 57. Qg2 Nxf4 $14)) 52... Qd5+ 53. Be4 Qd1+ 54. Kg2 {
[%emt 0:00:21][%cal Rg4c8] The board is on fire.} Qd2+ 55. Kh1 Qe1+ 56. Kh2 Qf2+ $2 {[%emt 0:00:00] Black is on the road to losing.} (56...
Qxe4 $11 {and Black stays safe.} 57. Qxh5 Qxf4+ 58. Kg2 Qd2+ 59. Kh1 Qc1+ 60.
Kg2 Qd2+ 61. Kh1 Qc1+ 62. Kg2 Qd2+) 57. Bg2 $18 Qxf4+ 58. Qxf4+ Nxf4 59.
Rxa6 Nxg2 $2 (59... Ba5 60. Kg3 Nxg2) 60.
Kxg2 {[%emt 0:00:03] Endgame KR-KB} Ba5 61. Ra7 d5 62. Kf3 c4 63. Rd7 {
[%emt 0:01:07] White mates.} c3 64. Rxd5 Ke7 65. Rd4 Ke6 66. Ke4 Kf6 67. Kd3 Kg5 68. h4+ Kh5 69. Re4 Kg6 70. Re5 Bb4 71. Re6+ {
[%emt 0:00:35] Weighted Error Value: White=0.24 (precise) /Black=0.28 (precise)
} 1-0

[Event "44th Chess Olympiad Women 2022"]
[Site "Chennai"]
[Date "2022.08.01"]
[Round "4.6"]
[White "Klinova, Masha"]
[Black "Beydullayeva, Govhar"]
[Result "1/2-1/2"]
[WhiteElo "2251"]
[BlackElo "2390"]
[Annotator "TA"]
[PlyCount "67"]
[EventDate "2022.??.??"]
[TimeControl "60"]

1. e4 c5 2. Nf3 d6 3. Bb5+ Bd7 4. Bxd7+ Nxd7 5. O-O Ngf6 6. Qe2 e6 7. b3 Be7 8. Bb2 O-O 9. c4 Re8 10. Nc3 {[%emt 0:00:42] B52: Sicilian: Moscow Variation with 3...Bd7.} Ne5 11. Rfd1 Qb6 12. Na4 {
[%emt 0:10:38] The position is equal.} Nxf3+ 13. Qxf3 Qc6 14. Nc3 {[%emt 0:05:06] [#]} Nd7 $146 ({Predecessor:} 14... a6 15. d4 cxd4 16. Rxd4 b5 17. cxb5 axb5
18. Rc1 Rec8 19. Qe2 Qa6 20. Nxb5 Rxc1+ 21. Bxc1 Qxa2 22. Qxa2 Rxa2 {0-1 (28)
Raaste,E (2375)-Groszpeter,A (2515) Haifa 1989}) 15. d4 cxd4 16. Rxd4 Bf6 17. Rd2 Be5 18. Re1 Nf6 19. h3 a6 20. Nd1 (20.
Qe3 {feels hotter.} Rac8 21. f4 Bxc3 22. Qxc3 b5 23. e5) 20... Bxb2 21. Nxb2 d5 (21... Rad8 $11) 22. exd5
$16 exd5 23. Red1 {[%emt 0:01:19][%cal Rc4d5]
White is more active.} b5 24. cxd5 Qd6 25. Nd3 (25. Rd4 $14) 25... Qxd5 $11 26. Qxd5 Nxd5 27. Rc1 b4 28. Rc4 a5 29. Rc5 Nc3 {[%emt 0:00:36] [#] Strongly threatening ...Ne4.} 30. Rc2 Red8 31. Ne5 Rd1+ 32. Kh2 Ra1 33. Nc6 g6 34. Rxa5 {[%emt 0:01:18] Weighted Error Value: White=0.07 
(flawless) /Black=0.12 (very precise)} ({Better is} 34. a4 $14) 1/2-1/2

[Event "44th Chess Olympiad Women 2022"]
[Site "Chennai"]
[Date "2022.08.01"]
[Round "4.7"]
[White "Bulmaga, Irina"]
[Black "Paehtz, Elisabeth"]
[Result "1/2-1/2"]
[WhiteElo "2394"]
[BlackElo "2484"]
[Annotator "TA"]
[PlyCount "161"]
[EventDate "2022.??.??"]
[TimeControl "60"]

1. e4 c6 2. d4 d5 3. e5 Bf5 4. Nf3 e6 5. Be2 Nd7 6. O-O h6 7. Nbd2 Ne7 {[%emt 0:00:13] B12:
Caro-Kann: Advance Variation.} 8. Nb3 a5 9.
a4 Bh7 {[%emt 0:01:20] White is slightly better.} 10. Bd2 Qb6 {[%emt 0:01:02] [#]} 11. Ne1 $146 ({
Predecessor:} 11. Rc1 Nf5 12. Bd3 Bb4 13. Bxb4 Qxb4 14. c3 Qe7 15. Qc2 Bg6 16.
g3 O-O 17. Rfe1 {½-½ (57) So,W (2772)-Carlsen,M (2847) chess24.com INT 2021})
11... Nf5 12. c3 Be7 13. Bd3 Bg6 14. Kh1 h5 15. Nc1 h4 (15... Qxb2 $2 16. Rb1 Qa3
17. Nc2 (17. Rxb7 Rb8 $16) 17... Qxa4 18. Ra1 (18. Rxb7 Rb8 $17) 18... Qxa1 19.
Nxa1 $18) 16. Ne2 Bh7 (16... Qxb2 17. Rb1 Qa3
18. Rxb7 $16) 17. b4 Qc7 18. bxa5 c5 19. a6 bxa6 20. Rb1 Nb8 21. a5 Nc6 22. Qa4 c4 23.
Bc2 O-O 24. Nf3 Nxa5 25. Bg5 Nb3 26.
Bxb3 (26. Bxe7 $15 Nxe7 27. Bxh7+ Kxh7 28. Nxh4) 26... cxb3
$17 27. Rxb3 Qd8 28. Bxe7 Nxe7 29. Rb7 Bd3 ({Black should play} 29... h3 $1 $17 30.
Ng5 (30. gxh3 $2 Be4 $19) 30... hxg2+ 31. Kxg2 Nf5) 30. Qd1 $1 $15 Bb5 (30... Be4 $15 {was preferrable.}) 31. Nxh4 $11 Nc6 32. Nf3 Na5 {[%emt 0:00:
05] [#]} 33. Rxb5 axb5 34. Qd2 (34. h4 $14) 34... Nc4 35. Qf4 f6 {
[%emt 0:01:53] Inhibits Ng5. Hoping for ...fxe5.} (35... Qa5 $5 )
36. Qh4 Qe8 37. Nf4 {[%emt 0:00:06] Prevents
Qg6.} fxe5 38. dxe5 Rxf4 39.
Qxf4 $16 Qg6 40. h3 (40. h4
$142) 40... Ra2 (40... Rf8 $16 41. Qh4 Qd3) 41. Kg1 $18 Ra3 42. Qh4 {[%emt 0:02:46] aiming for Qd8+.}
Ra8 {[%emt 0:01:36] Against Qd8+} 43. Qg4 (43. Re1 $18) 43...
Qxg4 $16 44. hxg4 {[%emt 0:00:02] Endgame KRN-KRN} Kf7 45. Rb1 Ra5 46. Kh2 Kg6 47. Rb3 $1 Ra2 (
47... Kh6 $16 {was necessary.} 48. Kh3 g5) 48. Kg3 $18 ({
Less strong is} 48. Rxb5 Rxf2 49. Rc5 Rc2 $14) 48... Nd2 $2 (
48... Ra5 49. Nd4 Kf7) 49. Nxd2 Rxd2 50. Rxb5
{[%emt 0:00:57] KR-KR} Rd3+ {[%emt 0:01:02] [#]} 51. Kh4 $1 Rxc3 52. Rb6 Kf7 {[%emt 0:02:46] [#]} 53.
Rb7+ $2 (53. f4 $1 $18 {and the rest is easy.} Rc5 54. Rb4)
53... Kg6 $16 54. Re7 Rc6 55. f4 Ra6 56. Rd7 Ra4 57. g3 Ra6 58. Rd8 {[%emt 0:
00:38] White is more active.} Ra4 $2 (58... Rc6 $16 59. Kh3
Kf7 60. Rd7+ Kg6) 59. Rd6 $18 Kf7 60. Kg5 {
[%emt 0:00:10] And now Rd7+ would win.} Ra3 61. Rd7+ Kf8 62. Kg6 Rxg3 63.
g5 Rf3 64. Rf7+ Ke8 65. Kxg7 d4 66. Ra7 $2 (66. f5 Rxf5 67. Rxf5 exf5 68. Kf6) 66... Rxf4 67. Ra6 $2 ({Only move:} 67. Ra3 $18) 67... Ke7 $11 {[%emt 0:
00:56] The position is equal.} 68. g6 d3 $1 69. Rd6 Rf3 70. Rd4 Rg3 71. Kh7 Rh3+ 72. Kg8 Rg3 73. Kg7 Rh3 74. Rg4 d2 75.
Rd4 Rh2 76. Kg8 Rg2 77. g7 Rh2 78. Rd3 Ke8 79. Rd6 Ke7 80.
Rd3 Ke8 81. Rd6 {[%emt 0:00:05] White really
could win this. Weighted Error Value: White=0.25 (precise) /Black=0.24 
(precise)} 1/2-1/2

[Event "44th Chess Olympiad Women 2022"]
[Site "Chennai"]
[Date "2022.08.01"]
[Round "4.7"]
[White "Ciolacu, Alessia-Mihaela"]
[Black "Klek, Hanna Marie"]
[Result "1-0"]
[WhiteElo "2163"]
[BlackElo "2366"]
[Annotator "TA"]
[PlyCount "85"]
[EventDate "2022.??.??"]
[TimeControl "60"]

1. d4 Nf6 2. c4 e6 3. Nc3 Bb4 4. f3 c5 5. d5 d6 6. e4 b5 {[%emt 0:00:20] E20: Nimzo-Indian: 4 g3 and 4 f3.} 7. dxe6 Bxe6 8. Bf4 O-O {[%emt 0:00:42] The position is equal.} 9. Bxd6 Re8 10. Nge2 (10. Bf4 $11) 10... Bxc4
$15 11. a3 Ba5 {[%emt 0:18:30]
And now ...b4 would win.} 12. Bxc5 {[%emt 0:03:44] [#]} Nfd7 $146 (12... Nbd7 $15 13. Bf2 Rc8) ({Predecessor:} 12... Nbd7 13. Bd4 Qc7 14. b4
Bb6 15. Rc1 Qb7 16. Nf4 Nxe4 17. fxe4 Rxe4+ 18. Nxe4 Qxe4+ {0-1 (25) Liu,Z 
(2163)-Wang,S (2203) Hangzhou 2018}) 13. Bf2 Qf6 (13... Nc6 $11 {keeps the balance.}) 14. Nd4 $16 Ne5 (14... Bxc3+ $142 15. bxc3 Bxf1
16. Kxf1 (16. Rxf1 Nc6 $14) 16... a6) 15. Bxc4 bxc4 16. O-O Nbd7 (16... Bxc3 $16 {
keeps fighting.} 17. bxc3 Qa6) 17. Nd5 $18 Qa6 18. Nf5 Nf6 {[%emt 0:05:41] [#]} 19. Nfe7+ Kh8 20. Qa4 Nxd5 21. Nxd5 Re6 (21... Rab8 $142 22. Rac1 (22. Nc7 Nxf3+
23. gxf3 Qg6+ 24. Kh1 Bxc7 $11) 22... Rec8) 22. b3 Bd8 23. Qxa6 Rxa6 24. f4 Nd3 25. bxc4 Ra4 {[%emt 0:03:
16] Inhibits Nb4.} 26. Rfd1 ({White should try} 26. Be3) 26...
Nxf2 $16 27. Kxf2 Rxc4 28.
Kf3 g6 29. Rac1 Ra4 30. Rd3 Kg7 31. g4 h6 32. Rb1 Bb6 33.
e5 Rd8 34. Rb4 Ra5 35. Ke4 $36 {[%emt 0:00:10] Keeping Black busy.} Bc5 {[%emt 0:01:28] 
[#]} (35... Rc8 $16 {might work better.} 36. Nxb6 axb6 37. Rxb6 Rc4+ 38. Kf3
Rca4) 36. Rb7 $1 $18 {[%emt 0:00:44] Threatens to win with e6.} Ra4+ 37. Kf3 {[%emt 0:00:08] Hoping for e6. Active counter play!} Kf8 $2 (37... Ra6 38. f5 Kf8) 38. f5 {[%emt 0:00:00] Strongly
threatening e6.} gxf5 (38... Ra6 {was necessary.} 39. f6 Re6)
39. gxf5 {[%emt 0:00:24] Black must now prevent e6.} Bxa3 $2 (
39... Rxa3 40. Rxa3 Rxd5) 40. e6 {[%emt 0:00:49] White is clearly winning.}
fxe6 41. fxe6 {[%emt 0:30:18] Rf7+ would kill now.} Rxd5 42. Rxd5 Ke8 {[%emt 0:00:00]
Prevents Rd8+.} 43. Rdd7 {[%emt 0:00:00] Weighted Error Value: White=0.13 
(very precise) /Black=0.31} 1-0